[Event "Titled Tuesday Blitz June 20 Late 2023"]
[White "Jaskolka, Tomasz"]
[Black "Hoffmann, Asa"]
[WhiteFideId "1170791"]
[BlackFideId "2001470"]
[WhiteElo "2155"]
[BlackElo "2117"]
[Result "1-0"]
[Round "1"]
[TimeControl "180+2"]
[Date "2023.06.20"]
[WhiteClock "0:00:06"]
[BlackClock "0:00:00"]
[Board "133"]

1. d4 Nf6 2. Nc3 d6 3. e4 c6 4. Nf3 Bg4 5. h3 Bh5 6. Bd3 e6 7. Be3 d5 8. e5 Nfd7 9. Qe2 c5 10. g4 cxd4 11. Nxd4 Bg6 12. f4 Bxd3 13. cxd3 a6 14. O-O-O Bb4 15. f5 Bxc3 16. bxc3 Qa5 17. Qb2 exf5 18. e6 Nc5 19. exf7+ Kxf7 20. Rhf1 Re8 21. Nxf5 Kg8 22. Bxc5 Qxc5 23. Qxb7 Qxc3+ 24. Kb1 Nd7 25. Rc1 Rab8 26. Rxc3 Rxb7+ 27. Rb3 Rxb3+ 28. axb3 Nc5 29. Kc2 g6 30. Nd4 Re3 31. b4 Ne6 32. Nxe6 Rxe6 33. Rf3 Rc6+ 34. Kb3 d4 35. Rf4 Rc3+ 36. Ka4 Rxd3 37. h4 Rd1 38. h5 d3 39. Rd4 d2 40. Kb3 Rb1+ 41. Kc2 d1=Q+ 42. Rxd1 Rxb4 43. Rg1 Kg7 44. Kc3 Rf4 45. hxg6 Kxg6 46. Ra1 Rf6 47. Kd3 Kg5 48. Ra4 Kh4 49. Ke3 Rg6 50. Kf3 Rf6+ 51. Ke3 h6 52. Rb4 Rc6 53. Ra4 Kg5 54. Kf3 Kf6 55. Kf4 Ke6 56. Re4+ Kd7 57. Ra4 Kc7 58. Rb4 Rb6 59. Rc4+ Kb7 60. Kg3 a5 61. Rc5 Ra6 62. Rc3 a4 63. Ra3 Kc6 64. Kh4 Kc5 65. Kh5 Kb4 66. Ra1 a3 67. Rb1+ Kc3 68. Rc1+ Kb2 69. Rg1 a2 70. Rg2+ Kb3 71. Rg3+ Kb4 72. Rg1 Ka3 73. Rg3+ Kb4 74. Rg1 Kc3 75. Rh1 1-0


[Site "https://www.chess.com"]

[Event "Titled Tuesday Blitz June 20 Late 2023"]
[White "Zhukov, Maksim"]
[Black "Koellner, Ruben Gideon"]
[WhiteFideId "34181790"]
[BlackFideId "12993093"]
[WhiteElo "1925"]
[BlackElo "2314"]
[Result "0-1"]
[Round "1"]
[TimeControl "180+2"]
[Date "2023.06.20"]
[WhiteClock "0:01:23"]
[BlackClock "0:02:19"]
[Board "134"]

1. e4 d6 2. d4 Nf6 3. f3 e5 4. dxe5 dxe5 5. Qxd8+ Kxd8 6. Bc4 Be6 7. Bxe6 fxe6 8. Be3 Bd6 9. Nd2 Ke7 10. Ne2 Nbd7 11. Nc4 b5 12. Na5 Rhc8 13. Nc6+ Kf7 14. Nxa7 Rcb8 15. Nc6 Rc8 16. Kf2 Ra6 17. Na7 Rb8 18. b3 Bc5 19. Bxc5 Nxc5 20. Nxb5 Rxb5 21. c4 Rba5 22. b4 Nd3+ 23. Ke3 Nxb4 24. Rhc1 Ra3+ 25. Rc3 Nc2+ 0-1


[Site "https://www.chess.com"]

[Event "Titled Tuesday Blitz June 20 Late 2023"]
[White "Manukyan, Sargis A."]
[Black "Todev, Simeon"]
[WhiteFideId "13303970"]
[BlackFideId "2925133"]
[WhiteElo "2187"]
[BlackElo "1938"]
[Result "1-0"]
[Round "1"]
[TimeControl "180+2"]
[Date "2023.06.20"]
[WhiteClock "0:00:34"]
[BlackClock "0:00:01"]
[Board "135"]

1. d4 g6 2. c4 Bg7 3. Nc3 d6 4. Nf3 Bg4 5. g3 Nd7 6. Bg2 c5 7. d5 Ngf6 8. O-O O-O 9. h3 Bxf3 10. exf3 Ne5 11. Qe2 Ne8 12. f4 Nd7 13. Re1 Nb6 14. Bd2 Nc7 15. Qxe7 Nxc4 16. Qxd8 Raxd8 17. Re7 Rc8 18. Be1 Rfe8 19. Re4 Rxe4 20. Nxe4 Bxb2 21. Rb1 Re8 22. Kf1 f5 23. Nxd6 Nxd6 24. Rxb2 c4 25. Bb4 Ncb5 26. a4 c3 27. Rc2 Nd4 28. Rxc3 Ne4 29. Bxe4 fxe4 30. Rc4 Nf3 31. d6 e3 32. fxe3 Rxe3 33. d7 Rd3 34. Rc8+ Kf7 35. d8=Q 1-0


[Site "https://www.chess.com"]

[Event "Titled Tuesday Blitz June 20 Late 2023"]
[White "Blackburn, Jonathan L B"]
[Black "Zomorrodian, Eilia"]
[WhiteFideId "1801090"]
[BlackFideId "12551805"]
[WhiteElo "2178"]
[BlackElo "2069"]
[Result "1-0"]
[Round "1"]
[TimeControl "180+2"]
[Date "2023.06.20"]
[WhiteClock "0:00:22"]
[BlackClock "0:00:23"]
[Board "136"]

1. d4 Nf6 2. Nf3 g6 3. c4 Bg7 4. Nc3 O-O 5. e4 d6 6. Be2 c5 7. d5 e6 8. h3 exd5 9. exd5 Re8 10. O-O Nbd7 11. Bf4 Ne5 12. Nxe5 dxe5 13. Be3 b6 14. a4 a5 15. Bf3 e4 16. Be2 Nd7 17. Qd2 f5 18. Bg5 Bf6 19. Bf4 Ne5 20. Kh1 Ra7 21. Nb5 g5 22. Bxe5 Bxe5 23. Nxa7 Bd7 24. Rfd1 Qf6 25. Nc6 Bf4 26. Qc3 Qf7 27. g3 Bd6 28. Qe3 f4 29. gxf4 gxf4 30. Rg1+ Kf8 31. Qc3 Bxc6 32. dxc6 Be5 33. Qc2 f3 34. Bf1 Qf4 35. Rg3 e3 36. Qxh7 Qf7 37. Qxf7+ Kxf7 38. Rxf3+ Bf6 39. Rxf6+ Kxf6 40. Re1 Rc8 41. Rxe3 Rxc6 42. Bd3 Rd6 43. f3 Rd4 44. f4 Rxf4 45. Kg2 Rd4 46. Kf3 Kg5 47. b3 Rd6 48. Re5+ Kh4 49. Rd5 Rf6+ 50. Ke4 Kxh3 51. Ke5 Rf3 52. Rd6 Kg3 53. Ke4 Kf2 54. Rxb6 Re3+ 55. Kd5 Rxd3+ 56. Kxc5 Ke3 57. Rb5 Ke4 58. Kb6 Rh3 59. Kxa5 Kd4 60. Rd5+ Ke4 61. Kb4 Rh8 62. a5 Rb8+ 63. Rb5 Ra8 64. Kc5 Ke5 65. Kc6+ Ke6 66. Kb7 Rg8 67. a6 Rg7+ 68. Kb6 Kd6 69. a7 Rg8 70. Kb7 Rg7+ 71. Ka6 Rg8 72. Rb8 Rg1 73. a8=Q Kc5 74. Rc8+ Kb4 75. Qb7+ Kc3 76. Rd8 Ra1+ 77. Kb5 Ra3 78. Kc6 Rxb3 79. Qxb3+ Kxb3 80. c5 Kb4 81. Rb8+ Kc4 82. Kd6 Kd4 83. c6 Ke4 84. c7 Kf5 85. c8=R Kf6 1-0


[Site "https://www.chess.com"]

[Event "Titled Tuesday Blitz June 20 Late 2023"]
[White "Megalios, Konstantinos"]
[Black "Stanisz, Patryk"]
[WhiteFideId "4238044"]
[BlackFideId "1123106"]
[WhiteElo "2277"]
[BlackElo "2069"]
[Result "1-0"]
[Round "1"]
[TimeControl "180+2"]
[Date "2023.06.20"]
[WhiteClock "0:00:09"]
[BlackClock "0:00:00"]
[Board "137"]

1. Nf3 d5 2. b3 Nf6 3. Bb2 c5 4. e3 Nc6 5. Bb5 Bd7 6. O-O g6 7. Bxf6 exf6 8. Nc3 a6 9. Bxc6 Bxc6 10. d4 Qa5 11. Ne2 Bg7 12. c3 O-O 13. a3 f5 14. b4 cxb4 15. cxb4 Qd8 16. a4 b6 17. Qb3 Bb7 18. Rac1 Qd6 19. Nf4 Rac8 20. a5 Rfd8 21. Nd3 f6 22. axb6 Qxb6 23. Nc5 a5 24. bxa5 Qxb3 25. Nxb3 Ba6 26. Rxc8 Rxc8 27. Rc1 Rxc1+ 28. Nxc1 Bf8 29. Nb3 Bb4 30. Nfd2 Kf8 31. f4 Ke7 32. Kf2 Kd6 33. h3 Bc4 34. g4 fxg4 35. hxg4 Ba6 36. Kf3 Bd3 37. g5 fxg5 38. fxg5 Kc6 39. Kf4 Bd6+ 40. Kf3 Bb4 41. Kf4 1-0


[Site "https://www.chess.com"]

[Event "Titled Tuesday Blitz June 20 Late 2023"]
[White "Cooper, Aaron"]
[Black "Lewtak, Damian"]
[WhiteFideId "2634945"]
[BlackFideId "1141724"]
[WhiteElo "2312"]
[BlackElo "2302"]
[Result "0-1"]
[Round "1"]
[TimeControl "180+2"]
[Date "2023.06.20"]
[WhiteClock "0:00:06"]
[BlackClock "0:00:20"]
[Board "138"]

1. e4 c5 2. Nf3 d6 3. d4 cxd4 4. Nxd4 Nf6 5. Nc3 Nc6 6. g3 g6 7. Bg2 Bd7 8. O-O Nxd4 9. Qxd4 Bg7 10. Be3 O-O 11. Qd2 a6 12. h3 Rc8 13. Rad1 Bc6 14. Bh6 Qa5 15. Bxg7 Kxg7 16. f4 Qb6+ 17. Qd4 Qxb2 18. e5 dxe5 19. fxe5 Ng8 20. e6+ f6 21. Nd5 Qxd4+ 22. Rxd4 Rfd8 23. c4 Bxd5 24. Bxd5 b6 25. Rdd1 Rc5 26. Rb1 b5 27. Bb7 bxc4 28. Rb6 c3 29. Rc6 Rxc6 30. Bxc6 Rc8 31. Bd7 Rc5 32. Rc1 f5 33. Kf2 Nf6 34. Ke3 Rc7 35. Kd3 Nd5 36. a3 Kf6 37. Rb1 g5 38. Rc1 f4 39. Rf1 Ke5 40. gxf4+ Nxf4+ 41. Kc2 Nxh3 42. Re1+ Kf6 43. Re3 Nf4 44. Rxc3 Rxc3+ 45. Kxc3 g4 46. Bc8 g3 47. Bxa6 g2 0-1


[Site "https://www.chess.com"]

[Event "Titled Tuesday Blitz June 20 Late 2023"]
[White "Bernabeu Lopez, Carlos Javier"]
[Black "Gerbelli Neto, Eduardo"]
[WhiteFideId "2235366"]
[BlackFideId "2103281"]
[WhiteElo "2344"]
[BlackElo "2178"]
[Result "1-0"]
[Round "1"]
[TimeControl "180+2"]
[Date "2023.06.20"]
[WhiteClock "0:02:29"]
[BlackClock "0:01:51"]
[Board "139"]

1. Nf3 Nf6 2. d4 d5 3. g3 e6 4. Bg2 b5 5. O-O Bb7 6. a4 b4 7. c4 dxc4 8. Nbd2 c5 9. Nxc4 Nbd7 10. Be3 a5 11. Rc1 cxd4 12. Nxd4 Bxg2 13. Kxg2 Nd5 14. Bd2 Qf6 15. Nf3 Be7 16. e4 N5b6 17. Bg5 Qg6 18. Bxe7 Kxe7 19. Qd6+ 1-0


[Site "https://www.chess.com"]

[Event "Titled Tuesday Blitz June 20 Late 2023"]
[White "Vaglio Munoz, Jaime"]
[Black "Fishbein, Alexander"]
[WhiteFideId "6500145"]
[BlackFideId "2000377"]
[WhiteElo "2199"]
[BlackElo "2403"]
[Result "1/2-1/2"]
[Round "1"]
[TimeControl "180+2"]
[Date "2023.06.20"]
[WhiteClock "0:00:43"]
[BlackClock "0:00:09"]
[Board "140"]

1. Nf3 Nf6 2. b3 c5 3. c4 g6 4. Bb2 Bg7 5. g3 O-O 6. Bg2 Nc6 7. O-O d5 8. cxd5 Nxd5 9. Bxg7 Kxg7 10. Qc1 b6 11. d4 Nxd4 12. Nxd4 cxd4 13. Qc4 Bb7 14. Qxd4+ f6 15. Qb2 Qc8 16. Rc1 Qe6 17. Nc3 Nxc3 18. Rxc3 Bxg2 19. Kxg2 Rac8 20. Re3 Qd5+ 21. f3 e5 22. Rd3 Qe6 23. Rad1 Rf7 24. e4 Rfc7 25. R1d2 h5 26. h4 a5 27. Rd6 Qxd6 28. Rxd6 Rc2+ 29. Rd2 Rxb2 30. Rxb2 Rc3 31. Kf2 b5 32. Ke2 g5 33. hxg5 fxg5 34. Rd2 g4 35. fxg4 hxg4 36. Rd3 Rc2+ 37. Rd2 Rc1 38. Rd5 Kf6 39. Rxb5 Rc2+ 40. Kf1 Rxa2 41. Rb6+ Kf7 42. Rb7+ Ke6 43. Rb6+ Kd7 44. Rb5 Kd6 45. Rd5+ Ke6 46. Rb5 Kf6 47. Rb6+ Ke7 48. Rb5 Kd6 49. Rd5+ Ke6 50. Rb5 Kd6 1/2-1/2


[Site "https://www.chess.com"]

[Event "Titled Tuesday Blitz June 20 Late 2023"]
[White "Principe, Gerson"]
[Black "Rodriguez Polo, Mateo"]
[WhiteFideId "3804550"]
[BlackFideId "24509396"]
[WhiteElo "2229"]
[BlackElo "2117"]
[Result "1-0"]
[Round "1"]
[TimeControl "180+2"]
[Date "2023.06.20"]
[WhiteClock "0:01:40"]
[BlackClock "0:00:00"]
[Board "141"]

1. Nf3 c5 2. e3 g6 3. d4 cxd4 4. exd4 Bg7 5. Bd3 Nf6 6. O-O O-O 7. Bg5 d5 8. c3 Nc6 9. Nbd2 Bg4 10. h3 Bxf3 11. Nxf3 h6 12. Bh4 Ne4 13. Bxe4 dxe4 14. Nd2 Qd5 15. Qb3 Qxb3 16. axb3 f5 17. f4 e6 18. b4 a6 19. Nc4 Rfc8 20. Nb6 Rab8 21. Nxc8 Rxc8 22. Bf2 Ne7 23. g3 Nd5 24. Rfe1 Kf7 25. Ra5 Ke8 26. Rc5 Kd7 27. Rxc8 Kxc8 28. Be3 Kc7 29. Kf2 Kc6 30. Ke2 Kb5 31. Kd2 Nb6 32. b3 Kc6 33. Ra1 Nd5 34. Ra5 Nc7 35. c4 Bf8 36. Kc3 b6 37. Ra1 Kb7 38. g4 b5 39. Rg1 Ne8 40. gxf5 1-0


[Site "https://www.chess.com"]

[Event "Titled Tuesday Blitz June 20 Late 2023"]
[White "Spichkin, Alexander"]
[Black "TheKnightOfBosnia"]
[WhiteFideId "4144074"]
[WhiteElo "1986"]
[BlackElo "2613"]
[Result "1-0"]
[Round "1"]
[TimeControl "180+2"]
[Date "2023.06.20"]
[WhiteClock "0:01:54"]
[BlackClock "0:00:04"]
[Board "142"]

1. f4 d5 2. Nf3 Nf6 3. e3 Bg4 4. h3 Bxf3 5. Qxf3 g6 6. Be2 Bg7 7. O-O O-O 8. d3 Nc6 9. Nc3 d4 10. Ne4 dxe3 11. c3 Nd5 12. Bxe3 Nxe3 13. Qxe3 e6 14. d4 Ne7 15. Nc5 b6 16. Nb3 a5 17. Kh1 Qd5 18. Bf3 Nf5 19. Qf2 Qd6 20. Bxa8 Rxa8 21. Nd2 Bh6 22. Nc4 Qe7 23. Ne3 Nd6 24. Rae1 Rc8 25. f5 Bxe3 26. Rxe3 Nxf5 27. Rf3 Qd6 28. g4 Ne7 29. Rxf7 Nf5 30. gxf5 exf5 31. Rxf5 gxf5 32. Qxf5 Rf8 33. Rg1+ Kh8 34. Qg5 Qc6+ 35. d5 Qf6 36. Qxf6+ Rxf6 37. Re1 Rf7 38. Re6 Rd7 39. c4 Kg7 40. b3 Kf7 41. Kg2 Rd8 42. Kf3 Rg8 43. Rc6 Rc8 44. d6 Ke6 45. dxc7+ Kd7 46. Rxb6 Kxc7 47. Ra6 Rf8+ 48. Ke2 Re8+ 49. Kd2 Rd8+ 50. Kc2 Rg8 51. Rxa5 Rg2+ 52. Kb1 Rg1+ 53. Kb2 Rg3 54. Rh5 Rg7 55. b4 Kb6 56. Kb3 Ra7 57. a4 Rg7 58. a5+ Ka6 59. Ka4 Ka7 60. b5 Rc7 61. Kb4 Rg7 62. Rh4 Rf7 63. c5 Rg7 64. a6 Rf7 65. Ka5 Rg7 66. b6+ Kb8 67. Rh5 h6 68. Rxh6 Rg8 69. Rh7 Rd8 70. a7+ Ka8 71. Ka6 Rd6 1-0


[Site "https://www.chess.com"]

[Event "Titled Tuesday Blitz June 20 Late 2023"]
[White "Schnaider, Ilan"]
[Black "Romero Ruscalleda, Josep"]
[WhiteFideId "169013"]
[BlackFideId "2231859"]
[WhiteElo "2224"]
[BlackElo "2183"]
[Result "1-0"]
[Round "1"]
[TimeControl "180+2"]
[Date "2023.06.20"]
[WhiteClock "0:00:11"]
[BlackClock "0:00:01"]
[Board "143"]

1. e4 g6 2. d4 Bg7 3. Nc3 d6 4. f4 a6 5. a4 Nc6 6. Nf3 Bg4 7. d5 Nd4 8. Be3 Nxf3+ 9. gxf3 Bd7 10. Be2 Nf6 11. Qd2 e6 12. f5 exf5 13. h4 fxe4 14. fxe4 h5 15. Bd4 Qe7 16. O-O-O O-O-O 17. Kb1 Rhg8 18. Rhf1 Nxe4 19. Nxe4 Qxe4 20. Rf4 Qe7 21. Bxg7 Rxg7 22. Re1 Re8 23. Qd4 Qe5 24. Qa7 Bf5 25. Rff1 Qe4 26. Bd3 Qxe1+ 27. Rxe1 Rxe1+ 28. Ka2 Bxd3 29. cxd3 b6 30. Qxa6+ Kd7 31. Qb5+ Kd8 32. a5 bxa5 33. Qxa5 Re5 34. Qa8+ Ke7 35. Qc6 Kd8 36. d4 Re4 37. b4 Rxd4 38. b5 Rg8 39. b6 cxb6 40. Qxd6+ Ke8 41. Qb8+ Ke7 42. Qe5+ Kf8 43. Qxd4 f5 44. Qf6+ Ke8 45. Qe6+ Kf8 46. d6 Rg7 47. d7 Rxd7 48. Qxd7 1-0


[Site "https://www.chess.com"]

[Event "Titled Tuesday Blitz June 20 Late 2023"]
[White "Vifleemskaia, Svetlana"]
[Black "Rostomyan, Mikayel"]
[WhiteFideId "4129490"]
[BlackFideId "13313754"]
[WhiteElo "1930"]
[BlackElo "2061"]
[Result "0-1"]
[Round "1"]
[TimeControl "180+2"]
[Date "2023.06.20"]
[WhiteClock "0:00:00"]
[BlackClock "0:00:21"]
[Board "144"]

1. d4 d5 2. c4 e5 3. dxe5 Ne7 4. Nf3 Nbc6 5. cxd5 Qxd5 6. Qxd5 Nxd5 7. a3 h6 8. e4 Nb6 9. Nc3 Be6 10. Bf4 g5 11. Bg3 O-O-O 12. Bb5 Bc4 13. Bxc4 Nxc4 14. b3 Nxa3 15. O-O Nc2 16. Rad1 Bg7 17. Nd5 g4 18. Nh4 Bxe5 19. Bxe5 Nxe5 20. Rc1 Rxd5 21. exd5 Nd4 22. Rcd1 Nxb3 23. d6 c5 24. Rfe1 f6 25. f4 gxf3 26. Nxf3 Nxf3+ 27. gxf3 Nd4 28. Kf2 Kd7 29. Re7+ Kc6 30. Rc7+ Kxd6 31. Rxb7 Re8 32. Rxa7 Re2+ 33. Kg3 Re3 34. Ra6+ Ke5 35. Rf1 c4 36. Ra5+ Ke6 37. Rc5 c3 38. Kf4 Re5 39. Rxe5+ fxe5+ 40. Ke4 c2 0-1


[Site "https://www.chess.com"]

[Event "Titled Tuesday Blitz June 20 Late 2023"]
[White "Vlassov, Nikolai"]
[Black "Alexikov, Alexander"]
[WhiteFideId "4103360"]
[BlackFideId "14103958"]
[WhiteElo "2324"]
[BlackElo "2186"]
[Result "1-0"]
[Round "1"]
[TimeControl "180+2"]
[Date "2023.06.20"]
[WhiteClock "0:00:06"]
[BlackClock "0:00:00"]
[Board "145"]

1. e4 c5 2. c3 Nf6 3. e5 Nd5 4. d4 cxd4 5. cxd4 Nc6 6. Nc3 Nxc3 7. bxc3 d5 8. Bd3 Qc7 9. Bd2 h6 10. f4 g6 11. Qc2 e6 12. Nf3 Be7 13. O-O Bd7 14. Bxg6 fxg6 15. Qxg6+ Kd8 16. Qg7 Rf8 17. Qxh6 Na5 18. Be1 Nc4 19. Bh4 Re8 20. Bxe7+ Rxe7 21. Ng5 Qa5 22. Qf8+ Be8 23. f5 exf5 24. e6 Qa3 25. Qxf5 Ne3 26. Qf6 Nxf1 27. Nf7+ Kc7 28. Qe5+ Kc6 29. Rxf1 Bxf7 30. Rxf7 Rxf7 31. exf7 Rf8 32. Qf6+ Qd6 33. Qf5 a6 34. h3 Kb6 35. h4 Ka7 36. h5 Qe7 37. Qxd5 Rxf7 38. Kh2 Qc7+ 39. Kh3 Qd7+ 40. Qxd7 Rxd7 41. g4 b5 42. Kh4 Rc7 43. h6 Rxc3 44. h7 Rc1 45. Kg5 Rh1 46. Kg6 b4 47. Kg7 a5 48. h8=Q Rxh8 49. Kxh8 a4 50. g5 b3 51. axb3 a3 52. g6 a2 53. g7 1-0


[Site "https://www.chess.com"]

[Event "Titled Tuesday Blitz June 20 Late 2023"]
[White "Ardila, Oscar Humberto"]
[Black "ArtemDyachuk"]
[WhiteFideId "4404742"]
[WhiteElo "1912"]
[BlackElo "2607"]
[Result "0-1"]
[Round "1"]
[TimeControl "180+2"]
[Date "2023.06.20"]
[WhiteClock "0:00:18"]
[BlackClock "0:00:58"]
[Board "146"]

1. d4 Nf6 2. c4 e6 3. Nc3 c5 4. dxc5 Bxc5 5. Nf3 O-O 6. e3 b6 7. Be2 Bb7 8. O-O d5 9. cxd5 exd5 10. Bd2 Nc6 11. Rc1 d4 12. exd4 Nxd4 13. Nxd4 Bxd4 14. Bg5 h6 15. Bh4 Re8 16. Bf3 Bxf3 17. Qxf3 Bxc3 18. Rxc3 g5 19. Bg3 Ne4 20. Rd3 Qe7 21. Qh5 Qe6 22. h4 Kg7 23. Rf3 Nf6 24. Rxf6 Qxf6 25. hxg5 hxg5 26. Rd1 Rad8 27. Rc1 Rd2 28. Qg4 Rde2 29. Rf1 Re1 30. Bh4 Rxf1+ 31. Kxf1 Qe5 32. g3 Kg6 33. f4 Qe1+ 34. Kg2 Re2+ 35. Kf3 Qf1# 0-1


[Site "https://www.chess.com"]

[Event "Titled Tuesday Blitz June 20 Late 2023"]
[White "Bjelobrk, Igor"]
[Black "Nathan, Nitish"]
[WhiteFideId "4300726"]
[BlackFideId "30927870"]
[WhiteElo "2319"]
[BlackElo "2282"]
[Result "1-0"]
[Round "1"]
[TimeControl "180+2"]
[Date "2023.06.20"]
[WhiteClock "0:00:17"]
[BlackClock "0:00:29"]
[Board "147"]

1. d4 d5 2. c4 c6 3. Nf3 Nf6 4. Qc2 dxc4 5. e4 b5 6. b3 cxb3 7. axb3 Bb7 8. Bd3 e6 9. O-O Be7 10. Rd1 Nbd7 11. Nc3 h6 12. Qe2 O-O 13. Bb2 a6 14. Bb1 Re8 15. h3 c5 16. d5 exd5 17. e5 Ne4 18. Nxd5 Ng5 19. Nxg5 Bxg5 20. Qc2 g6 21. f4 Be7 22. e6 Nf8 23. Nf6+ Bxf6 24. Rxd8 Bxd8 25. exf7+ Kxf7 26. Qxc5 Ne6 27. Qf2 Be7 28. f5 Ng5 29. fxg6+ Kg8 30. Qd4 Bc5 31. Qxc5 Re1+ 32. Kf2 Rae8 33. Bd3 R1e6 34. h4 Rf8+ 35. Qxf8+ Kxf8 36. hxg5 hxg5 37. Rc1 Rd6 38. Ke3 Re6+ 39. Kd2 Rd6 40. Rc7 Be4 41. g7+ Kg8 42. Rc8+ Kf7 43. g8=Q+ Ke7 44. Qe8# 1-0


[Site "https://www.chess.com"]

[Event "Titled Tuesday Blitz June 20 Late 2023"]
[White "Sarkar, Justin"]
[Black "Subelj, Jan"]
[WhiteFideId "2010011"]
[BlackFideId "14618583"]
[WhiteElo "2151"]
[BlackElo "2499"]
[Result "0-1"]
[Round "1"]
[TimeControl "180+2"]
[Date "2023.06.20"]
[WhiteClock "0:00:00"]
[BlackClock "0:01:37"]
[Board "148"]

1. d4 d5 2. c4 c6 3. Nf3 Nf6 4. Nc3 g6 5. Qb3 Bg7 6. Bg5 dxc4 7. Qxc4 O-O 8. e3 Be6 9. Qa4 Nbd7 10. Be2 c5 11. O-O Nb6 12. Qa5 cxd4 13. Nxd4 Bc4 14. Bxc4 Nxc4 15. Qb4 Nd6 16. Rfd1 Rc8 17. Ndb5 Qb6 18. Qb3 Nxb5 19. Nxb5 Rfe8 20. Rac1 Rxc1 21. Rxc1 Ne4 22. Bf4 a6 0-1


[Site "https://www.chess.com"]

[Event "Titled Tuesday Blitz June 20 Late 2023"]
[White "Moral Garcia, Serafin"]
[Black "Sala, Giulia"]
[WhiteFideId "2201925"]
[BlackFideId "2840451"]
[WhiteElo "2274"]
[BlackElo "1769"]
[Result "1-0"]
[Round "1"]
[TimeControl "180+2"]
[Date "2023.06.20"]
[WhiteClock "0:01:11"]
[BlackClock "0:00:59"]
[Board "149"]

1. c4 e6 2. Nf3 Nf6 3. b3 b6 4. e3 Bb7 5. Bb2 Be7 6. d4 d5 7. Bd3 O-O 8. cxd5 exd5 9. Nc3 Nbd7 10. O-O Ne4 11. Rc1 Rc8 12. Ne2 Ndf6 13. Ne5 Bd6 14. Ng3 c5 15. Nf5 Bb8 16. f3 Nd6 17. Qe1 Nxf5 18. Bxf5 Rc7 19. Qh4 h6 20. Rfd1 cxd4 21. Bxd4 Rxc1 22. Rxc1 Re8 23. f4 Ne4 24. Qh5 Nf6 25. Qxf7+ Kh8 26. Qxb7 Bxe5 27. Bxe5 Rf8 28. Rc8 1-0


[Site "https://www.chess.com"]

[Event "Titled Tuesday Blitz June 20 Late 2023"]
[White "StarkyNZ"]
[Black "Domingo Nunez, Ruben"]
[BlackFideId "22245570"]
[WhiteElo "2273"]
[BlackElo "2404"]
[Result "0-1"]
[Round "1"]
[TimeControl "180+2"]
[Date "2023.06.20"]
[WhiteClock "0:02:21"]
[BlackClock "0:02:08"]
[Board "150"]

1. c4 g6 2. g3 Bg7 3. Bg2 d6 4. e3 Nf6 5. Ne2 O-O 6. Nbc3 Nbd7 7. d4 c5 8. O-O Rb8 9. a4 b6 10. h3 Ne8 11. b3 Nc7 12. Bb2 a6 13. d5 b5 14. axb5 axb5 15. Qd2 bxc4 16. bxc4 Ne5 17. Ra4 Bd7 18. Nb5 Nxb5 19. Bxe5 Bxe5 20. cxb5 Bxb5 21. Ra7 Bf6 22. Rfa1 0-1


[Site "https://www.chess.com"]

[Event "Titled Tuesday Blitz June 20 Late 2023"]
[White "Ingebretsen, Jens E"]
[Black "Dilmukhametov, Artur"]
[WhiteFideId "1522965"]
[BlackFideId "24179922"]
[WhiteElo "2213"]
[BlackElo "2242"]
[Result "0-1"]
[Round "1"]
[TimeControl "180+2"]
[Date "2023.06.20"]
[WhiteClock "0:00:16"]
[BlackClock "0:01:16"]
[Board "151"]

1. c4 c6 2. d4 d5 3. cxd5 cxd5 4. Nc3 Nc6 5. Nf3 Nf6 6. Bf4 Bf5 7. e3 e6 8. a3 Be7 9. Bd3 Bxd3 10. Qxd3 Nh5 11. Bg3 Nxg3 12. hxg3 h6 13. g4 Rc8 14. e4 dxe4 15. Nxe4 Qb6 16. Rb1 Rd8 17. Rd1 Qxb2 18. O-O Qxa3 19. Qb5 Qb4 20. Qd3 Qb6 21. Rb1 Qc7 22. Qb5 Rd7 23. Rfc1 O-O 24. Ne5 Rxd4 25. Nxc6 bxc6 26. Rxc6 Qf4 27. f3 Qe3+ 28. Kh1 Rfd8 29. Rcc1 Bh4 30. Qh5 Bg5 31. Re1 Qf4 32. Nxg5 Qxg5 33. Qxg5 hxg5 34. Ra1 R8d7 35. Ra5 Rd1 36. Rxd1 Rxd1+ 37. Kh2 Rd7 38. Rxg5 Rd5 39. Rxd5 exd5 40. Kg3 a5 41. Kf2 a4 42. Ke2 a3 0-1


[Site "https://www.chess.com"]

[Event "Titled Tuesday Blitz June 20 Late 2023"]
[White "De Souza, Cristiano Gomes"]
[Black "Janaszak, Dawid"]
[WhiteFideId "2151758"]
[BlackFideId "1119206"]
[WhiteElo "2068"]
[BlackElo "2220"]
[Result "0-1"]
[Round "1"]
[TimeControl "180+2"]
[Date "2023.06.20"]
[WhiteClock "0:00:00"]
[BlackClock "0:00:05"]
[Board "152"]

1. d4 d5 2. c4 e6 3. Nf3 c5 4. Nc3 Nf6 5. cxd5 exd5 6. Bd2 Nc6 7. e3 Bd6 8. Bb5 O-O 9. O-O Bg4 10. h3 Bh5 11. Bxc6 bxc6 12. Rc1 c4 13. b3 cxb3 14. axb3 Qe7 15. Na4 Ne4 16. g4 Bg6 17. Rxc6 f5 18. Rxd6 Qxd6 19. Ne5 fxg4 20. hxg4 Rac8 21. f3 Nxd2 22. Qxd2 Rc2 23. Qa5 Rfc8 24. Rf2 Rc1+ 25. Kg2 h5 26. g5 Bf5 27. Qd2 h4 28. b4 Qe7 29. f4 Qe6 30. Nc5 Be4+ 31. Nxe4 dxe4 32. d5 Qd6 33. Qd4 h3+ 34. Kxh3 Rh1+ 35. Kg2 Rcc1 36. Qxe4 Rcg1+ 37. Kf3 Rh3+ 38. Ke2 Qa6+ 39. Qd3 Qa2+ 40. Qd2 Qa6+ 41. Qd3 Qa1 42. Nf3 Rb1 43. Qd4 Rb2+ 44. Kd3 Qd1+ 45. Ke4 Qb1+ 46. Ke5 Rxb4 47. Qc5 Qa1+ 48. Nd4 Rxe3+ 49. Kf5 Qb1+ 50. Kg4 Rb8 51. Qe7 Qg1+ 52. Kf5 Qb1+ 53. Kg4 Rxe7 54. Nf5 Qg1+ 0-1


[Site "https://www.chess.com"]

[Event "Titled Tuesday Blitz June 20 Late 2023"]
[White "Gubajdullin, Alexei"]
[Black "Schut, Han"]
[WhiteFideId "4141202"]
[BlackFideId "1005561"]
[WhiteElo "2279"]
[BlackElo "2024"]
[Result "1/2-1/2"]
[Round "1"]
[TimeControl "180+2"]
[Date "2023.06.20"]
[WhiteClock "0:00:16"]
[BlackClock "0:00:14"]
[Board "153"]

1. d4 Nf6 2. Nf3 g6 3. Bf4 Bg7 4. e3 O-O 5. Be2 b6 6. O-O Bb7 7. h3 Ne4 8. a4 d6 9. a5 a6 10. axb6 cxb6 11. c4 d5 12. Nc3 Nxc3 13. bxc3 dxc4 14. Bxc4 b5 15. Be2 Nc6 16. Nd2 e5 17. Bg3 exd4 18. cxd4 Qb6 19. Nb3 Rad8 20. Qe1 f5 21. Bh4 Rde8 22. Nc5 Rf7 23. Nxb7 Qxb7 24. Qd1 f4 25. Ra3 Bh6 26. exf4 Bxf4 27. Bf3 Qd7 28. Rd3 Nb4 29. Rb3 a5 30. d5 g5 31. Bg3 Bxg3 32. fxg3 Qd6 33. Rf2 Ref8 34. g4 Rf4 35. Re2 a4 36. Rbe3 Nc6 37. Re6 Qc5+ 38. Kh2 Nd4 39. Rd2 Nxf3+ 40. gxf3 Rxf3 41. Ree2 Rf2+ 42. Rxf2 Rxf2+ 43. Rxf2 Qxf2+ 44. Kh1 Qg3 45. d6 Qxh3+ 46. Kg1 Qg3+ 47. Kf1 Qf4+ 48. Kg1 Qg3+ 49. Kf1 Qf4+ 50. Kg2 Qe4+ 51. Kg3 Qe5+ 52. Kh3 Qe3+ 53. Kg2 Qe4+ 54. Kf2 Qf4+ 55. Kg2 Qe4+ 1/2-1/2


[Site "https://www.chess.com"]

[Event "Titled Tuesday Blitz June 20 Late 2023"]
[White "Ward, Ieuan C"]
[Black "Jarmula, Lukasz"]
[WhiteFideId "406627"]
[BlackFideId "1160664"]
[WhiteElo "2257"]
[BlackElo "2372"]
[Result "1/2-1/2"]
[Round "1"]
[TimeControl "180+2"]
[Date "2023.06.20"]
[WhiteClock "0:00:12"]
[BlackClock "0:00:13"]
[Board "154"]

1. d4 d6 2. c4 e5 3. Nf3 e4 4. Nfd2 f5 5. e3 Nf6 6. Nc3 Be7 7. Be2 O-O 8. O-O c6 9. d5 Na6 10. f3 exf3 11. Bxf3 Bd7 12. e4 fxe4 13. Ndxe4 Nxe4 14. Bxe4 Rxf1+ 15. Qxf1 Nc5 16. Bf3 Bf6 17. Bf4 Bd4+ 18. Kh1 Qf6 19. Bg3 Re8 20. Rd1 Be5 21. Bxe5 Qxe5 22. dxc6 bxc6 23. Rd2 Qe1 24. Rd1 Qxf1+ 25. Rxf1 Nd3 26. b3 Re3 27. Nd1 Re5 28. Kg1 g5 29. Nf2 Nb4 30. a3 Nc2 31. a4 Nd4 32. Bg4 Be8 33. b4 h5 34. Bc8 Bf7 35. c5 dxc5 36. Nd3 Re3 37. Nxc5 Bd5 38. Rd1 Ne2+ 39. Kf2 Re8 40. Rxd5 cxd5 41. Be6+ Rxe6 42. Nxe6 Nc3 43. Nxg5 Nxa4 44. Ke3 Nb6 45. Kd4 Kg7 46. Ne6+ Kf6 47. Nf4 Kg5 48. Nxd5 Nd7 49. Ke4 h4 50. g3 hxg3 51. hxg3 Kg4 52. Kd4 Kxg3 53. Kc4 Kf3 54. Kb5 Ke4 55. Ne7 Ne5 56. Nc6 Nd3 57. Nxa7 Nxb4 1/2-1/2


[Site "https://www.chess.com"]